 Dungeon Crawl Stone Soup version 0.27-a0-343-gfcad680f63 (webtiles) character file.

Game seed: 1784811067017689711

172 jestyr24 the Grasshopper (level 5, -2/43 HPs)
             Began as a Gnoll Warper on Feb 14, 2021.
             Was an Initiate of the Shining One.
             Slain by an orc
             ... wielding a +0 war axe
              (4 damage)
             ... on level 3 of the Dungeon.
             The game lasted 00:10:07 (2858 turns).

jestyr24 the Grasshopper (Gnoll Warper)             Turns: 2858, Time: 00:10:08

Health: -2/43      AC: 14    Str: 10    XL:     5   Next: 53%
Magic:  12/12      EV:  2    Int: 13    God:    the Shining One [......]
Gold:   157        SH:  0    Dex: 12    Spells: 12/14 levels left

rFire    . . .     SeeInvis .   a - +0 falchion
rCold    . . .     Faith    .   (no shield)
rNeg     . . .     Spirit   .   u - +0 plate armour
rPois    .         Reflect  .   k - +2 helmet
rElec    .         Harm     .   (no cloak)
rCorr    .         Rampage  .   (no gloves)
Will     .....                  (no boots)
Stlth    ..........             (no amulet)
HPRegen  0.14/turn              (no ring)
MPRegen  0.13/turn              (no ring)

@: glowing
A: distributed training, fangs 1, strong nose
a: Renounce Religion


You were on level 3 of the Dungeon.
You worshipped the Shining One.
The Shining One was noncommittal.
You visited 1 branch of the dungeon, and saw 3 of its levels.

You collected 157 gold pieces.

Inventory:

Hand Weapons
 a - a +0 falchion (weapon)
 b - a +0 halberd
Missiles
 e - 4 boomerangs of dispersal
 h - 6 boomerangs (quivered)
 s - 16 poisoned darts
Armour
 k - a +2 helmet (worn)
 r - a +0 ring mail
 u - a +0 plate armour (worn)
Wands
 n - a wand of flame (16)
Scrolls
 c - a scroll of noise {unknown}
 d - a scroll of blinking
 g - a scroll of random uselessness {unknown}
 i - a scroll of immolation {unknown}
 j - 7 scrolls of identify {unknown}
 q - a scroll of fear {unknown}
 t - a scroll of teleportation {unknown}
 v - a scroll of enchant weapon {unknown}
Potions
 f - 2 potions of attraction {unknown}
 l - 2 potions of curing {unknown}
 m - 2 potions of invisibility {unknown}
 o - a potion of brilliance {unknown}
 p - a potion of degeneration {unknown}
 w - 2 potions of lignification {unknown}


   Skills:
 + Level 4.8 Fighting
 + Level 1.5 Short Blades
 + Level 4.8 Long Blades
 + Level 1.5 Axes
 + Level 1.5 Maces & Flails
 + Level 1.5 Polearms
 + Level 1.5 Staves
 + Level 1.5 Slings
 + Level 1.5 Bows
 + Level 1.5 Crossbows
 + Level 3.0 Throwing
 + Level 3.0 Armour
 + Level 4.8 Dodging
 + Level 1.5 Stealth
 + Level 1.5 Shields
 + Level 1.5 Unarmed Combat
 + Level 5.2 Spellcasting
 + Level 1.2 Conjurations
 + Level 1.2 Hexes
 + Level 1.2 Summonings
 + Level 1.2 Necromancy
 + Level 5.5 Translocations
 + Level 1.2 Transmutations
 + Level 1.2 Fire Magic
 + Level 1.2 Ice Magic
 + Level 1.2 Air Magic
 + Level 1.2 Earth Magic
 + Level 1.2 Poison Magic
 + Level 1.7 Invocations
 + Level 1.5 Evocations


You had 12 spell levels left.
You knew the following spells:

 Your Spells              Type           Power        Failure   Level
a - Blink                 Tloc           N/A          100%        2

Your spell library contained the following spells:

 Spells                   Type           Power        Failure   Level
 Gell's Gravitas          Tloc           8%           100%        3
 Lesser Beckoning         Tloc           8%           100%        3
 Teleport Other           Tloc           17%          100%        3
 Passage of Golubria      Tloc           N/A          100%        4


Dungeon Overview and Level Annotations

Branches:
Dungeon (3/15)

Altars:
Ashenzari
Dithmenos
Hepliaklqana
Yredelemnul
The Shining One


Innate Abilities, Weirdness & Mutations

Your experience applies equally to all skills.
You have very sharp teeth.
Your uncanny sense of smell can sniff out nearby items.


Message History

The orc hits you but does no damage.
The worker ant zombie bites you but does no damage.
You hit the orc.
The orc is moderately wounded.
The worker ant zombie bites you but does no damage.
You hit the orc but do no damage.
The orc is moderately wounded.
The orc hits you with a +0 war axe.
* * * LOW HITPOINT WARNING * * *
The worker ant zombie bites you.
* * * LOW HITPOINT WARNING * * *
You hit the worker ant zombie.
You bite the worker ant zombie, but do no damage.
The worker ant zombie is lightly damaged.
The orc hits you but does no damage.
The worker ant zombie bites you but does no damage.
You hit the worker ant zombie but do no damage.
The worker ant zombie is lightly damaged.
The orc hits you with a +0 war axe.
* * * LOW HITPOINT WARNING * * *
The worker ant zombie bites you but does no damage.
You hit the worker ant zombie.
The worker ant zombie is lightly damaged.
The orc hits you but does no damage.
The worker ant zombie bites you but does no damage.
You hit the worker ant zombie. You bite the worker ant zombie.
The worker ant zombie is heavily damaged.
The orc hits you with a +0 war axe.
* * * LOW HITPOINT WARNING * * *
The worker ant zombie bites you but does no damage.
You hit the worker ant zombie.
The worker ant zombie is severely damaged.
The worker ant zombie bites you.
* * * LOW HITPOINT WARNING * * *
The orc hits you but does no damage.
You hit the worker ant zombie.
The worker ant zombie is severely damaged.
The worker ant zombie bites you but does no damage.
The orc hits you with a +0 war axe.
You die...

#.......###..##
####
#..........>... .
#............## .
#............# #
#............#
#######.....##
#.......##
#......##
#.@..###
#####o)Z.#
.........#
........)##
#.......#..'..≈≈≈
#########..'..≈≈≈
...#≈....
....#§§... .....#
≈...


You could see an orc and a worker ant zombie.

Vanquished Creatures
  2 orc wizards (D:3)
  4 gnolls (D:3)
  An adder (D:3)
  2 oozes
  2 worms
  2 dart slugs (D:1)
  3 leopard geckos
  3 orcs (D:3)
  5 bats
  2 giant cockroaches (D:1)
  A goblin (D:1)
  7 hobgoblins
  8 jackals
  3 kobolds
  2 ball pythons
  5 frilled lizards
  2 gnoll zombies (D:2)
  5 rats
59 creatures vanquished.

Notes
Turn   | Place    | Note
-------+----------+-------------------------------------------
     0 | D:1      | jestyr24 the Gnoll Warper began the quest for the Orb.
     0 | D:1      | Reached XP level 1. HP: 20/20 MP: 6/6
    49 | D:1      | Reached XP level 2. HP: 26/26 MP: 7/7
   551 | D:1      | Reached XP level 3. HP: 31/31 MP: 9/9
   579 | D:1      | Reached skill level 5 in Spellcasting
  1142 | D:2      | Reached skill level 1 in Invocations
  1151 | D:2      | Learned a level 2 spell: Blink
  1357 | D:2      | Found a glowing golden altar of the Shining One.
  1362 | D:2      | Became a worshipper of the Shining One
  1530 | D:2      | Reached skill level 1 in Short Blades
  1530 | D:2      | Reached skill level 1 in Axes
  1530 | D:2      | Reached skill level 1 in Maces & Flails
  1530 | D:2      | Reached skill level 1 in Polearms
  1530 | D:2      | Reached skill level 1 in Staves
  1530 | D:2      | Reached skill level 1 in Slings
  1530 | D:2      | Reached skill level 1 in Bows
  1530 | D:2      | Reached skill level 1 in Crossbows
  1530 | D:2      | Reached skill level 1 in Stealth
  1530 | D:2      | Reached skill level 1 in Shields
  1530 | D:2      | Reached skill level 1 in Unarmed Combat
  1530 | D:2      | Reached skill level 1 in Evocations
  1736 | D:2      | Reached XP level 4. HP: 38/38 MP: 11/11
  1742 | D:2      | Found a basalt altar of Yredelemnul.
  1830 | D:3      | Found a shadowy altar of Dithmenos.
  2000 | D:3      | Found a broken altar of Ashenzari.
  2299 | D:3      | Reached skill level 1 in Conjurations
  2299 | D:3      | Reached skill level 1 in Hexes
  2299 | D:3      | Reached skill level 1 in Summonings
  2299 | D:3      | Reached skill level 1 in Necromancy
  2299 | D:3      | Reached skill level 1 in Transmutations
  2299 | D:3      | Reached skill level 1 in Fire Magic
  2299 | D:3      | Reached skill level 1 in Ice Magic
  2299 | D:3      | Reached skill level 1 in Air Magic
  2299 | D:3      | Reached skill level 1 in Earth Magic
  2299 | D:3      | Reached skill level 1 in Poison Magic
  2561 | D:3      | Found a hazy altar of Hepliaklqana.
  2605 | D:3      | Reached XP level 5. HP: 43/43 MP: 12/12
  2857 | D:3      | HP: 2/43 [worker ant zombie (4)]
  2858 | D:3      | Slain by an orc

Illustrated notes

Levels and vault maps discovered:
D:1:      ncdulo_watergridlock, layout_basic, serial_forest,
          infiniplex_forest_end_2, infiniplex_forest_clump_curved,
          infiniplex_forest_lined_2, infiniplex_forest_clump_medium,
          bh_walls_and_bars
D:2:      layout_rooms, lemuel_zombie_altar_yredelemnul, marbit_many_paths,
          serial_curves, eino_curves_01, eino_curves_02, lemuel_old_faithful
D:3:      layout_basic, nzn_hepliaklqana_mist_gate,
          nicolae_dithmenos_shadow_blocks, kennysheep_cross_room,
          nrook_mini_vaults, evilmike_ruin_ashenzari, uniq_natasha

Skill      XL: |  1  2  3  4  5 |
---------------+----------------+-----
Spellcasting   | 5 |  5.2
Invocations    | 1 |  1.7
Short Blades   | 1 |  1.5
Axes           | 1 |  1.5
Maces & Flails | 1 |  1.5
Polearms       | 1 |  1.5
Staves         | 1 |  1.5
Slings         | 1 |  1.5
Bows           | 1 |  1.5
Crossbows      | 1 |  1.5
Stealth        | 1 |  1.5
Shields        | 1 |  1.5
Unarmed Combat | 1 |  1.5
Evocations     | 1 |  1.5
Conjurations   | 1 |  1.2
Hexes          | 1 |  1.2
Summonings     | 1 |  1.2
Necromancy     | 1 |  1.2
Transmutations | 1 |  1.2
Fire Magic     | 1 |  1.2
Ice Magic      | 1 |  1.2
Air Magic      | 1 |  1.2
Earth Magic    | 1 |  1.2
Poison Magic   | 1 |  1.2
Throwing       | 3 |  3.0
Armour         | 3 |  3.0
Fighting       | |  4.8
Long Blades    | |  4.8
Dodging        | |  4.8
Translocations | |  5.5

Action                   |  1- 3 |  4- 6 || total
-------------------------+-------+-------++-------
Melee: Falchion          |    84 |    85 ||   169
       Bite              |     6 |     8 ||    14
       Punch             |       |     1 ||     1
Throw: Boomerang         |    41 |     9 ||    50
 Cast: Blink             |       |     3 ||     3
  Use: Potion            |       |     1 ||     1
 Stab: Sleeping          |     1 |       ||     1
Armor: Leather armour    |    43 |       ||    43
       Ring mail         |       |    15 ||    15
       Plate armour      |       |    45 ||    45
Dodge: Dodged            |    99 |    57 ||   156
       Rpst.: Falchion   |    32 |    18 ||    50

Table legend: (Time is in decaauts)
 A = Elapsed time spent in this place.
 B = Non-inter-level travel time spent in this place.
 C = Inter-level travel time spent in this place.
 D = Time resting spent in this place.
 E = Time spent auto-exploring this place.
 F = Levels seen in this place.
 G = Mean time per level.
                   A        B        C        D        E       F      G
               +--------+--------+--------+--------+--------+-----+--------+
         Total |   2880 |   2854 |     26 |    340 |   1857 |   3 |  960.0 |
       Dungeon |   2880 |   2854 |     26 |    340 |   1857 |   3 |  960.0 |
               +--------+--------+--------+--------+--------+-----+--------+

Top non-repeatable levels by time:
     D:1: 1043 daAuts
     D:3: 1041 daAuts
     D:2: 795 daAuts
